 Dungeon Crawl Stone Soup version 0.22-a0-192-g6ffc940 (webtiles) character file.

121739 Amnesiac the Geomancer (level 16, -5/106 HPs)
             Began as a Mummy Earth Elementalist on Feb 16, 2018.
             Was a High Priest of Ashenzari.
             Killed from afar by a crystal guardian (61 damage)
             ... with a crystal bolt
             ... in the Desolation of Salt.
             The game lasted 01:19:27 (34021 turns).

Amnesiac the Geomancer (Mummy Earth Elementalist)  Turns: 34021, Time: 01:19:28

Health: -5/106     AC: 13    Str: 13    XL:     16   Next: 33%
Magic:  30/49      EV: 20    Int: 26    God:    Ashenzari [*****.]
Gold:   1010       SH: 12    Dex: 12    Spells: 13/43 levels left

rFire    x . .     SeeInvis +   a - staff of power
rCold    + . .     Gourm    .   S - +0 shield (curse)
rNeg     + + +     Faith    .   o - +2 robe {Archmagi} (curse)
rPois    ∞         Spirit   .   p - +2 helmet (curse)
rElec    .         Reflect  .   x - +2 cloak
rCorr    .         Harm     +   c - +2 pair of gloves (curse)
MR       ++...     Clarity  +   (no boots)
Stlth    ++........             r - amulet of harm (curse)
HPRegen  0.27/turn              l - +3 ring of evasion (curse)
MPRegen  0.31/turn              d - +6 ring of intelligence

@: no status effects
A: no food or potions, fire vulnerability, cold resistance 1, negative energy
resistance 3, torment resistance, unbreathing, in touch with death 1
a: Curse Item, Scrying, Transfer Knowledge, Renounce Religion


You were in the Desolation of Salt.
You worshipped Ashenzari.
Ashenzari was extremely pleased with you.
You were not hungry.

You visited 6 branches of the dungeon, and saw 24 of its levels.
You also visited: Ossuary, Volcano and Desolation.

You collected 2252 gold pieces.
You spent 1242 gold pieces at shops.

Inventory:

Hand Weapons
 q - a +0 dagger of electrocution
 u - the +10 whip "Doiziexi" {freeze, *Noise +Blink rElec rF++}
   (You found it on level 4 of the Dungeon)

   It has been specially enchanted to freeze those struck by it, causing extra
   injury to most foes and up to half again as much damage against particularly
   susceptible opponents.
   It can also slow down cold-blooded creatures.
   It greatly protects you from fire.
   It insulates you from electricity.
   It lets you blink.
   It may make noises in combat.
 v - a +3 short sword
Missiles
 i - 57 poisoned needles
 E - 219 stones (quivered)
 L - 4 throwing nets
Armour
 c - a cursed +2 pair of gloves (worn)
 o - a cursed +2 robe of the Archmagi (worn)
 p - a cursed +2 helmet (worn)
 x - a +2 cloak (worn)
 S - a cursed +0 shield (worn)
Magical Staves
 a - an uncursed staff of power (weapon)
 b - an uncursed staff of earth
 H - an uncursed staff of energy
Jewellery
 d - a +6 ring of intelligence (right hand)
 h - the ring "Ynlozxih" {*Tele rElec Str+3 Int+4 Dex-2}
   (You found it in the Desolation of Salt)

   [ring of teleportation]

   It may teleport you next to monsters.
   It affects your strength (+3).
   It affects your intelligence (+4).
   It affects your dexterity (-2).
   It insulates you from electricity.
 k - an uncursed ring of flight
 l - a cursed +3 ring of evasion (left hand)
 r - a cursed amulet of harm (around neck)
 w - the ring of Moarotig {rC+ SInv Stlth+}
   (You took it off an imperial myrmidon in the Desolation of Salt)

   [ring of protection from cold]

   It protects you from cold.
   It lets you see invisible.
   It makes you more stealthy.
 G - an uncursed ring of fire
Wands
 s - a wand of digging (14)
 z - a wand of enslavement (26)
 B - a wand of disintegration (14)
 F - a wand of iceblast (18)
 K - a wand of flame (59)
Scrolls
 e - a scroll of summoning {!r}
 g - 2 scrolls of enchant armour {!r}
 m - 4 scrolls of fog {!r}
 n - 4 scrolls of teleportation {!r}
 t - 5 scrolls of magic mapping {!r}
 y - 3 scrolls of enchant weapon {!r}
 A - 3 scrolls of amnesia {!r}
 C - a scroll of blinking {!r}
 J - a scroll of acquirement {!r}
 R - 3 scrolls of identify {!r}
Books
 f - a book of Annihilations

   Spells                             Type                      Level
   a - Poison Arrow                   Conjuration/Poison           6
   b - Chain Lightning                Conjuration/Air              8
   c - Lehudib's Crystal Spear        Conjuration/Earth            8
   d - Glaciate                       Conjuration/Ice              9
   e - Fire Storm                     Conjuration/Fire             9
 j - Cuomept's Incunabulum of Floating Moulding
   (You found it in the Desolation of Salt)

   Spells                             Type                      Level
   a - Beastly Appendage              Transmutation                1
   b - Sticks to Snakes               Transmutation                2
   c - Summon Lightning Spire         Summoning/Air                4
   d - Alistair's Intoxication        Transmutation/Poison         5
   e - Freezing Cloud                 Conjuration/Ice/Air          6
   f - Statue Form                    Transmutation/Earth          6
 D - a book of Flames

   Spells                             Type                      Level
   a - Flame Tongue                   Conjuration/Fire             1
   b - Throw Flame                    Conjuration/Fire             2
   c - Conjure Flame                  Conjuration/Fire             3
   d - Inner Flame                    Hexes/Fire                   3
   e - Sticky Flame                   Conjuration/Fire             4
   f - Fireball                       Conjuration/Fire             5


   Skills:
 - Level 4.0 Fighting
 - Level 3.0 Short Blades
 + Level 7.7(10.4) Dodging
 - Level 2.0(4.0) Stealth
 - Level 10.5(13.0) Shields
 + Level 14.2 Spellcasting
 - Level 11.0(13.4) Conjurations
 - Level 5.0(7.6) Transmutations
 * Level 14.3(16.5) Earth Magic


You had 13 spell levels left.
You knew the following spells:

 Your Spells              Type           Power        Failure   Level  Hunger
a - Iron Shot             Conj/Erth      #######...   1%          6    N/A
b - Passwall              Tmut/Erth      #######...   1%          2    N/A
c - Sandblast             Erth           ######       0%          1    N/A
d - Lee's Rapid Deconstr  Erth           ########..   1%          5    N/A
e - Petrify               Tmut/Erth      #######.     1%          4    N/A
f - Stone Arrow           Conj/Erth      ######       1%          3    N/A
g - Ozocubu's Armour      Chrm/Ice       ####....     10%         3    N/A
h - Passage of Golubria   Tloc           N/A          32%         4    N/A
v - Blink                 Tloc           N/A          4%          2    N/A

Dungeon Overview and Level Annotations

Branches:
Dungeon (11/15)            Temple (1/1) D:6            Lair (6/6) D:10
 Shoals (0/4) Lair:2        Snake (0/4) Lair:4        Slime (3/5) Lair:5
    Orc (2/2) D:11            Elf (1/3) Orc:2

Altars:
Ashenzari
Fedhas
Hepliaklqana
Kikubaaqudgha
Qazlal
Ru
Sif Muna
Trog
Uskayaw
Vehumet
Xom
Yredelemnul
Zin
Beogh
Jiyva

Shops:
D:9 !   Orc:2 =*[(


Innate Abilities, Weirdness & Mutations

You do not eat or drink.
Your flesh is vulnerable to fire.
You are immune to poison.
Your flesh is cold resistant. (rC+)
You are immune to negative energy. (rN+++)
You are immune to unholy pain and torment.
You can survive without breathing.
You are in touch with the powers of death.


Message History

An ironbrand convoker is nearby!
A saltling comes into view.
The ironbrand convoker moves out of view.
Casting: Lee's Rapid Deconstruction (safe; 1% risk of failure)
Confirm with . or Enter, or press ? or * to list all spells.
Aiming: Iron Shot (safe; 1% risk of failure)
Press: ? - help, Shift-Dir - straight line You feel a surge of power!
You feel a bit more experienced.
Casting: Iron Shot (safe; 1% risk of failure)
Confirm with . or Enter, or press ? or * to list all spells.
Aiming: Lee's Rapid Deconstruction (safe; 1% risk of failure)
Press: ? - help, Dir - move target cursor, f - saltling Fragment what (e.g. wall or brittle monster)?: a saltling (resting)
You feel a surge of power!
The saltling shatters!
You blow up the saltling!
Found two items.
A saltling comes into view.
A crystal guardian comes into view.
Casting: Lee's Rapid Deconstruction (safe; 1% risk of failure)
Confirm with . or Enter, or press ? or * to list all spells.
Aiming: Lee's Rapid Deconstruction (safe; 1% risk of failure)
Press: ? - help, Dir - move target cursor, f - saltling Fragment what (e.g. wall or brittle monster)?: a saltling (moderately damaged)
Okay, then.
Casting: Lee's Rapid Deconstruction (safe; 1% risk of failure)
Confirm with . or Enter, or press ? or * to list all spells.
Aiming: Lee's Rapid Deconstruction (safe; 1% risk of failure)
Press: ? - help, Dir - move target cursor, f - crystal guardian Fragment what (e.g. wall or brittle monster)?: a crystal guardian (hasn't noticed you)
You feel a surge of power!
The crystal guardian shatters!
You blow up the crystal guardian!
The blast of crystal shards hits the saltling.
The saltling is almost destroyed.
You block the saltling's attack.
Unknown command.
Casting: Lee's Rapid Deconstruction (safe; 1% risk of failure)
Confirm with . or Enter, or press ? or * to list all spells.
Aiming: Lee's Rapid Deconstruction (safe; 1% risk of failure)
Press: ? - help, Dir - move target cursor
Okay, then.
Casting: Lee's Rapid Deconstruction (safe; 1% risk of failure)
Confirm with . or Enter, or press ? or * to list all spells.
Aiming: Sandblast (safe; 0% risk of failure)
Press: ? - help, Shift-Dir - straight line, f - saltling
Aim: a saltling (almost destroyed)
You feel a surge of power!
The blast of sand hits the saltling.
You destroy the saltling!
E - 219 stones A crystal guardian comes into view.
The crystal guardian moves out of view.
The crystal guardian fires a crystalline bolt at you.
The crystal bolt burns you! The fire burns you terribly!
The crystal bolt misses you.
Casting: Sandblast (safe; 0% risk of failure)
Confirm with . or Enter, or press ? or * to list all spells.
Aiming: Lee's Rapid Deconstruction (safe; 1% risk of failure)
Press: ? - help, Dir - move target cursor, f - crystal guardian Fragment what (e.g. wall or brittle monster)?: a crystal guardian You feel a surge of power!
The crystal guardian shatters!
The crystal guardian is almost destroyed.
The crystal guardian fires a crystalline bolt at you.
The crystal bolt burns you! The fire burns you terribly!
Ouch! That really hurt!
You die...

§..§§§§§......§§§§§§§§ , ,
, , ,
.§§§.§§.§......§§.§§§§§§,,,
,, ,
§§§.§§.§§#######8.§§.§§§ ,
, §..§§§.§.#[..).#.§§§§§.§
.........# ,#.....8.§§.§ ,,
, .#.......# #####.#§§..§§
,, , .#.......#,
∆,,#..#§.)...., ,
.........#,**,∆#..#.......
,,,, .........#,*
#@##....... ,, .........#,
#8....#....... ,
.........#....##..#.......
* ,, ..#......####* #### ,
, , , ,, ........... ,,,,,,
,, , ,,, , ........... , ,
, ,,, ,, ###########** * *
* ** * ########## * * * *
** * ########## * * * * **
*** * *


You could see a crystal guardian.

Vanquished Creatures
  5 acid blobs
  Kirke (Lair:4)
  4 azure jellies
  3 orc warlords
  An imperial myrmidon (Desolation)
  3 halazid warlocks (Desolation)
  A red draconian (Volcano)
  2 crystal guardians (Desolation)
  Josephine (Orc:2)
  5 ragged hierophants (Desolation)
  Harold (Lair:2)
  2 great orbs of eyes
  8 servants of whispers (Desolation)
  6 peacekeepers (Desolation)
  4 hydras
  An ogre mage (Volcano)
  A dancing weapon (Elf:1)
  10 two-headed ogres
  Erica (Orc:1)
  An orc high priest (Orc:2)
  3 deep elf knights (Elf:1)
  4 orc knights (Orc:2)
  3 ironbrand convokers (Desolation)
  An ugly thing (D:11)
  3 oklob plants (Lair:5)
  A cyclops (D:11)
  4 shining eyes
  9 deep elf magi (Elf:1)
  3 orc sorcerers
  5 black mambas
  7 elephants (Lair:5)
  4 guardian serpents (Desolation)
  A merfolk siren (Lair:2)
  A molten gargoyle (Volcano)
  An eye of devastation (Slime:1)
  A centaur skeleton (D:10)
  A gargoyle (D:11)
  28 spiny frogs
  8 komodo dragons
  3 trolls
  44 saltlings
  16 blink frogs
  The ghost of wazuzu the Chopper, an amateur DsGl (D:4)
  4 tyrant leeches
  Grinder (D:3)
  20 slime creatures
  11 hippogriffs
  4 wraiths (Orc:2)
  17 yaks
  A basilisk (Lair:5)
  A hungry ghost (D:10)
  Eustachio (D:4)
  6 hogs (Lair:4)
  A wyvern (Lair:6)
  9 golden eyes
  5 fire bats (Volcano)
  6 vampire mosquitoes
  Menkaure (D:6)
  2 hell hounds (Lair:5)
  4 wargs (Orc:2)
  10 water moccasins
  A floating eye (Slime:2)
  10 porcupines
  An ice beast (D:8)
  30 orc warriors
  A black bear (D:11)
  2 sky beasts
  A necrophage (D:8)
  An eye of draining (Slime:2)
  3 wolves (Lair:2)
  3 phantoms
  5 centaurs
  8 ogres
  10 crocodiles
  An earth elemental (Elf:1)
  30 bullfrogs
  A gnoll sergeant (D:9)
  A scorpion (D:10)
  3 wights (D:4)
  4 electric eels
  7 lava snakes (Volcano)
  6 crimson imps
  2 howler monkeys
  6 hounds
  A quasit (D:3)
  A human zombie (Ossuary)
  14 orc priests
  A bullfrog zombie (D:11)
  Crazy Yiuf (D:4)
  A bullfrog skeleton (D:6)
  3 worker ants
  6 iguanas
  Natasha (thrice) (D:3)
  8 orc wizards
  3 hound zombies
  4 mummies (Ossuary)
  Robin (D:3)
  A worker ant zombie (D:5)
  A howler monkey skeleton (D:4)
  12 adders
  5 gnolls (D:9)
  A shadow imp (D:6)
  2 oozes
  2 adder zombies (Ossuary)
  An adder skeleton (D:8)
  3 worms
  2 dart slugs
  5 leopard geckos
  51 orcs
  3 bats
  3 giant cockroaches
  17 goblins
  5 hobgoblins
  11 jackals
  3 quokkas
  2 ball pythons
  2 frilled lizards (D:2)
  2 gnoll zombies (Ossuary)
  2 jackal zombies (Ossuary)
  10 kobolds
  5 rats
  A rat zombie (Ossuary)
  A butterfly (D:6)
  3 fungi
  A plant (Lair:6)
658 creatures vanquished.

Vanquished Creatures (others)
  A gnoll zombie (Ossuary)
  A hobgoblin zombie (Ossuary)
  28 fungi
  44 plants
74 creatures vanquished.

Grand Total: 732 creatures vanquished

Notes
Turn   | Place    | Note
-------+----------+-------------------------------------------
     0 | D:1      | Amnesiac the Mummy Earth Elementalist began the quest for the Orb.
     0 | D:1      | Reached XP level 1. HP: 13/13 MP: 4/4
   110 | D:1      | Reached XP level 2. HP: 10/19 MP: 0/6
   508 | D:1      | Reached XP level 3. HP: 13/24 MP: 7/7
  1129 | D:2      | Found a shimmering altar of Xom.
  1208 | D:3      | Reached XP level 4. HP: 17/30 MP: 2/9
  1523 | D:3      | Noticed Natasha
  1528 | D:3      | Noticed Robin
  1530 | D:3      | Killed Natasha
  1534 | D:3      | Noticed Natasha
  1536 | D:3      | Reached skill level 1 in Short Blades
  1540 | D:3      | Killed Natasha
  1540 | D:3      | Reached XP level 5. HP: 18/35 MP: 2/10
  1749 | D:3      | Noticed Natasha
  1752 | D:3      | Killed Natasha
  1775 | D:3      | Killed Robin
  1969 | D:3      | Noticed Grinder
  1980 | D:3      | Killed Grinder
  1980 | D:3      | Reached XP level 6. HP: 39/41 MP: 6/13
  2110 | D:4      | Reached skill level 5 in Spellcasting
  2110 | D:4      | Reached skill level 5 in Earth Magic
  2120 | D:4      | Reached XP level 7. HP: 37/46 MP: 9/14
  2188 | D:4      | Learned a level 2 spell: Passwall
  2192 | D:4      | Learned a level 3 spell: Stone Arrow
  2197 | D:4      | Learned a level 4 spell: Petrify
  2203 | D:4      | Learned a level 5 spell: Lee's Rapid Deconstruction
  2402 | D:4      | Noticed Eustachio
  2417 | D:4      | Killed Eustachio
  2420 | D:4      | Got a polished whip
  2516 | D:4      | Noticed wazuzu's ghost (amateur DsGl)
  2645 | D:5      | Entered Level 5 of the Dungeon
  2801 | D:5      | Reached XP level 8. HP: 29/52 MP: 14/17
  3793 | D:4      | Found a runed door.
  3797 | D:4      | Noticed Crazy Yiuf
  3805 | D:4      | Killed Crazy Yiuf
  3805 | D:4      | Reached skill level 1 in Transmutations
  3942 | D:6      | Found a staircase to the Ecumenical Temple.
  3959 | Temple   | Entered the Ecumenical Temple
  3975 | Temple   | Became a worshipper of Ashenzari the Shackled
  3989 | D:6      | Noticed Menkaure
  3993 | D:6      | Killed Menkaure
  4018 | D:6      | Found a bloodstained altar of Trog.
  4451 | D:6      | Found a bloodstained altar of Trog.
  4454 | D:6      | Reached skill level 1 in Fighting
  4483 | D:6      | Found a sand-covered staircase.
  4493 | Ossuary  | Entered an ossuary
  5071 | D:3      | Identified the +10 whip "Doiziexi" {freeze, *Noise +Blink rElec rF++} (You found it on level 4 of the Dungeon)
  5723 | D:7      | Noticed a hippogriff
  5758 | D:7      | Reached XP level 9. HP: 61/61 MP: 16/19
  5984 | D:7      | Found a radiant altar of Vehumet.
  6474 | D:7      | Reached skill level 1 in Conjurations
  6635 | D:7      | Reached * piety under Ashenzari
  6771 | D:7      | Found a stormy altar of Qazlal.
  6779 | D:7      | Found a glowing silver altar of Zin.
  7230 | D:8      | Reached ** piety under Ashenzari
  7609 | D:4      | Killed wazuzu's ghost
  7715 | D:9      | Noticed a two-headed ogre
  7735 | D:9      | Killed a two-headed ogre
  7735 | D:9      | Reached XP level 10. HP: 68/68 MP: 0/22
  7765 | D:9      | Found Apritesk's Distillery.
  7812 | D:9      | Found a hazy altar of Hepliaklqana.
  8699 | D:10     | Entered Level 10 of the Dungeon
  8912 | D:10     | Reached skill level 10 in Spellcasting
  9210 | D:10     | Reached *** piety under Ashenzari
  9292 | D:10     | Noticed a two-headed ogre
  9300 | D:10     | Killed a two-headed ogre
  9308 | D:10     | Noticed a two-headed ogre
  9314 | D:10     | Killed a two-headed ogre
  9483 | D:10     | Reached skill level 10 in Earth Magic
  9707 | D:10     | Found a staircase to the Lair.
  9901 | Lair:1   | Entered Level 1 of the Lair of Beasts
  9906 | Lair:1   | Noticed a spiny frog
  9909 | Lair:1   | Killed a spiny frog
  9909 | Lair:1   | Reached XP level 11. HP: 52/73 MP: 1/25
  9978 | Lair:1   | Reached skill level 5 in Conjurations
 10257 | Lair:1   | Reached skill level 5 in Transmutations
 10487 | Lair:1   | Identified the amulet "Myutawoz" {Reflect rElec rC- Str+2 SH+2}
 10660 | Lair:1   | Reached **** piety under Ashenzari
 10750 | Lair:2   | Identified a scroll of acquirement {!r}
 10861 | Lair:2   | Reached skill level 1 in Shields
 11118 | Lair:2   | Noticed Harold
 11173 | Lair:2   | Found a staircase to the Shoals.
 11264 | Lair:2   | Noticed a four-headed hydra
 11446 | Lair:3   | Noticed a five-headed hydra
 11456 | Lair:3   | Learned a level 6 spell: Iron Shot
 11468 | Lair:3   | Killed a five-headed hydra
 11923 | Lair:2   | Killed a four-headed hydra
 12538 | Lair:2   | Found a staircase to the Shoals.
 12763 | Lair:2   | Killed Harold
 13246 | Lair:3   | Reached XP level 12. HP: 51/83 MP: 17/27
 14351 | Lair:4   | Found a staircase to the Snake Pit.
 14461 | Lair:4   | Noticed a seven-headed hydra
 14583 | Lair:4   | Killed a seven-headed hydra
 14625 | Lair:4   | Reached ***** piety under Ashenzari
 14641 | Lair:4   | Noticed Kirke
 15021 | Lair:4   | Killed Kirke
 15567 | Lair:5   | Found a dark tunnel.
 15573 | Volcano  | Entered a volcano
 16182 | Volcano  | Noticed a two-headed ogre
 16182 | Volcano  | Noticed a red draconian
 16183 | Volcano  | Killed a two-headed ogre
 16243 | Volcano  | Noticed a two-headed ogre
 16247 | Volcano  | Killed a two-headed ogre
 16249 | Volcano  | Noticed a two-headed ogre
 16350 | Volcano  | Noticed a two-headed ogre
 16367 | Volcano  | Noticed a two-headed ogre
 16369 | Volcano  | Noticed an ogre mage
 16373 | Volcano  | Found a bloodstained altar of Trog.
 16388 | Volcano  | Killed a two-headed ogre
 16486 | Volcano  | Killed an ogre mage
 16486 | Volcano  | Reached skill level 10 in Conjurations
 16545 | Volcano  | Killed a two-headed ogre
 16635 | Volcano  | Killed a red draconian
 16635 | Volcano  | Gained mutation: You are in touch with the powers of death. [Mummy growth]
 16635 | Volcano  | Reached XP level 13. HP: 65/88 MP: 6/28
 17672 | Lair:5   | Learned a level 3 spell: Ozocubu's Armour
 17677 | Lair:5   | Learned a level 4 spell: Passage of Golubria
 18311 | Lair:5   | Found a staircase to the Slime Pits.
 18892 | Lair:5   | Got the war axe "Toyty" {venom, Int+4}
 18893 | Lair:5   | Identified the +5 war axe "Toyty" {venom, Int+4} (You found it on level 5 of the Lair of Beasts)
 19012 | Lair:6   | Entered Level 6 of the Lair of Beasts
 19022 | Lair:6   | Reached skill level 5 in Shields
 21521 | Lair:6   | Reached XP level 14. HP: 95/95 MP: 10/29
 22510 | D:11     | Found a staircase to the Orcish Mines.
 22751 | D:11     | Got the mace "Paibuixt" {venom, Int+3}
 22752 | D:11     | Identified the +8 mace "Paibuixt" {venom, Int+3} (You found it on level 11 of the Dungeon)
 22856 | Orc:1    | Entered Level 1 of the Orcish Mines
 22868 | Orc:1    | Noticed Erica
 22871 | Orc:1    | Killed Erica
 23597 | Orc:1    | Reached skill level 10 in Shields
 23644 | Orc:1    | Noticed an orc warlord
 23664 | Orc:1    | Killed an orc warlord
 23868 | Orc:1    | Found a roughly hewn altar of Beogh.
 24007 | Orc:1    | Learned a level 2 spell: Blink
 24082 | Orc:2    | Entered Level 2 of the Orcish Mines
 24139 | Orc:2    | Noticed an orc warlord
 24296 | Orc:2    | Found Puekoxiv's Antique Weapon Boutique.
 24818 | Orc:2    | Found Sosch's Antique Armour Shoppe.
 25083 | Orc:2    | Killed an orc warlord
 25413 | Orc:2    | Bought a glowing helmet for 157 gold pieces
 25465 | Orc:2    | Found Acifes's Jewellery Emporium.
 25750 | Orc:2    | Noticed Josephine
 25755 | Orc:2    | Killed Josephine
 26026 | Orc:2    | Found a staircase to the Elven Halls.
 26170 | Orc:2    | Found Taevvix's General Store.
 26193 | Orc:2    | Noticed an orc warlord
 26219 | Orc:2    | Killed an orc warlord
 26611 | Orc:2    | Bought an uncursed ring of fire for 325 gold pieces
 26611 | Orc:2    | Bought a +6 ring of intelligence for 760 gold pieces
 26818 | Slime:1  | Entered Level 1 of the Pits of Slime
 26818 | Slime:1  | Noticed an acid blob
 26822 | Slime:1  | Killed an acid blob
 27034 | Slime:1  | Noticed an azure jelly
 27037 | Slime:1  | Noticed an acid blob
 27042 | Slime:1  | Killed an azure jelly
 27045 | Slime:1  | Killed an acid blob
 27328 | Slime:1  | Found a viscous altar of Jiyva.
 27540 | Slime:1  | Noticed an azure jelly
 27547 | Slime:1  | Killed an azure jelly
 27547 | Slime:1  | Reached XP level 15. HP: 100/100 MP: 31/31
 27849 | Slime:2  | Noticed an acid blob
 27851 | Slime:2  | Killed an acid blob
 27851 | Slime:2  | Reached skill level 5 in Dodging
 27852 | Slime:2  | Noticed an azure jelly
 27997 | Slime:2  | Killed an azure jelly
 28351 | Slime:2  | Noticed an azure jelly
 28353 | Slime:2  | Killed an azure jelly
 28398 | Slime:3  | Noticed an acid blob
 28400 | Slime:3  | Noticed an acid blob
 28402 | Slime:3  | Killed an acid blob
 28684 | Slime:2  | Noticed an acid blob
 28840 | Slime:2  | Killed an acid blob
 29136 | Slime:3  | Noticed an azure jelly
 31344 | Elf:1    | Entered Level 1 of the Elven Halls
 31604 | Elf:1    | Found a ruined gateway.
 31679 | Desolati | Entered the Desolation of Salt
 31891 | Desolati | Noticed an imperial myrmidon
 31997 | Desolati | Identified the amulet of Tadao {Inacc Dex+3}
 32058 | Desolati | Identified the ring "Ynlozxih" {*Tele rElec Str+3 Int+4 Dex-2}
 32089 | Desolati | Identified Cuomept's Incunabulum of Floating Moulding
 32549 | Desolati | Killed an imperial myrmidon
 32549 | Desolati | Identified the ring of Moarotig {rC+ SInv Stlth+} (You took it off an imperial myrmidon in the Desolation of Salt)
 32716 | Desolati | Reached XP level 16. HP: 98/106 MP: 9/33
 34021 | Desolati | Killed from afar by a crystal guardian

Vault maps used:
D:1:      minmay_arrival_loop
D:2:      tgw_xom
D:3:      first_ration, uniq_grinder, uniq_natasha, uniq_robin
D:4:      interstate_on_off, minmay_misc_feat_plants, grunt_decor_one_mirror,
          uniq_crazy_yiuf_cottage, uniq_eustachio
D:5:      lemuel_flamethrower_1
D:6:      minmay_temple_entry_butterflies,
          nicolae_ossuary_entry_false_entrances, kennysheep_flooded_box,
          trog_butcher_becter, uniq_menkaure
D:7:      kennysheep_mini, gammafunk_temple_overflow_pools, kennysheep_potato
D:8:      serial_glass, glass_columns_b, glass_columns_a, glass_columns_b,
          glass_columns_a
D:9:      overflow_temple_1_default, serial_shops, shop
D:10:     lair_entry_dummy
D:11:     orc_0_dummy
Temple:   compressed_dpeg_circular_temple
Lair:1:   minivault_25, infiniplex_staircase_pool_2, lemuel_fruit_fields
Lair:2:   elwin_shoals_entry_rooms, uniq_harold
Lair:3:   serial_bayou, serial_bayou_pond_d, serial_bayou_lagoon_b,
          serial_bayou_shore_b, serial_bayou_lake_a
Lair:4:   dummy_snake_entry, serial_bayou_shore_a, uniq_kirke
Lair:5:   minmay_slime_entry_oklob_open, enter_volcano_3
Lair:6:   minmay_lair_end_frog_pond
Slime:1:  basic_altar
Slime:2:  cheibrodos_slime_lost_civilization_5
Orc:1:    library_closet, nicolae_orc_damp_corner, minmay_orc_temple_b,
          uniq_erica
Orc:2:    grunt_orc_gardens, grunt_orc_garden, grunt_orc_garden,
          grunt_orc_garden, grunt_orc_garden, uniq_josephine
Elf:1:    minmay_elf_arrival_summoners, portal_desolation_entry_salt,
          minmay_elf_demonology, nicolae_elf_big_sculpture_2
Ossuary:  ossuary_minmay_tomb_2a
Volcano:  volcano_grotto

Skill      XL: |  1  2  3  4  5  6  7  8  9 10 11 12 13 14 15 16 |
---------------+-------------------------------------------------+-----
Spellcasting   | 3 4 5 6 7 8 10 11 12 13 14 | 14.2
Earth Magic    | 3 4 5 6 7 8 10 11 12 13 14 | 14.3
Stealth        | 2 |  2.0
Short Blades   | 1 2 3 |  3.0
Transmutations | 4 5 |  5.0
Fighting       | 1 2 4 |  4.0
Dodging        | 2 4 7 |  7.7
Conjurations   | 4 5 10 11 | 11.0
Shields        | 2 8 10 | 10.5

Action                   |  1- 3 |  4- 6 |  7- 9 | 10-12 | 13-15 | 16-18 || total
-------------------------+-------+-------+-------+-------+-------+-------++-------
Melee: Unarmed           |     6 |       |       |       |       |       ||     6
       Short sword       |    64 |    22 |    59 |     1 |       |       ||   146
       Dagger            |       |       |    37 |   200 |     6 |       ||   243
       Staff             |       |       |       |       |     8 |       ||     8
       Mace              |       |       |       |       |     1 |       ||     1
 Cast: Sandblast         |    22 |    44 |   126 |    27 |    64 |     3 ||   286
       Petrify           |       |       |     5 |     8 |    30 |       ||    43
       Passwall          |       |       |     3 |    10 |     8 |       ||    21
       Stone Arrow       |       |       |    58 |   174 |    19 |       ||   251
       Lee's Rapid Decon |       |       |       |    23 |   190 |    23 ||   236
       Iron Shot         |       |       |       |    41 |   307 |    23 ||   371
Invok: Curse Item        |       |       |     1 |     1 |     4 |       ||     6
Evoke: Wand              |       |       |       |     2 |       |       ||     2
       Phial of floods   |       |       |       |       |     1 |       ||     1
  Use: Scroll            |       |       |     8 |    14 |     5 |       ||    27
 Stab: Sleeping          |     3 |       |     5 |     5 |       |       ||    13
       Petrified         |       |       |     4 |    13 |     6 |       ||    23
       Petrifying        |       |       |       |     1 |       |       ||     1
Armor: Robe              |    10 |       |       |     1 |    11 |     2 ||    24
       Leather armour    |    13 |    11 |    37 |    51 |       |       ||   112
Dodge: Dodged            |    53 |    37 |   171 |   146 |    55 |    19 ||   481
Block: Shield            |       |       |       |       |    50 |    11 ||    61

Table legend:
 A = Spawn XP
 B = Non-spawn XP
 C = Spawn XP percentage of total XP
 D = Spawn monster count
 E = Non-spawn monster count
 F = Spawn count percentage of total count
 G = Total turns spent on level
                    A         B        C        D         E        F      G
               +---------+---------+-------+---------+---------+-------+---------
         Total |       0 |  173914 |   0.0 |       0 |     653 |   0.0 | 34021
               +---------+---------+-------+---------+---------+-------+---------
           D:1 |       0 |      50 |   0.0 |       0 |      26 |   0.0 |   795
           D:2 |       0 |      21 |   0.0 |       0 |      15 |   0.0 |   586
           D:3 |       0 |     519 |   0.0 |       0 |      25 |   0.0 |   916
           D:4 |       0 |     996 |   0.0 |       0 |      19 |   0.0 |  1007
           D:5 |       0 |     427 |   0.0 |       0 |      15 |   0.0 |  1356
           D:6 |       0 |     870 |   0.0 |       0 |      15 |   0.0 |  1062
           D:7 |       0 |    1204 |   0.0 |       0 |      21 |   0.0 |   943
           D:8 |       0 |     494 |   0.0 |       0 |      12 |   0.0 |   691
           D:9 |       0 |    1800 |   0.0 |       0 |      21 |   0.0 |   999
          D:10 |       0 |    3895 |   0.0 |       0 |      24 |   0.0 |  1304
          D:11 |       0 |    6439 |   0.0 |       0 |      24 |   0.0 |   848
        Lair:1 |       0 |    3171 |   0.0 |       0 |      13 |   0.0 |   964
        Lair:2 |       0 |    4140 |   0.0 |       0 |      16 |   0.0 |  2029
        Lair:3 |       0 |    7396 |   0.0 |       0 |      29 |   0.0 |  1609
        Lair:4 |       0 |    5138 |   0.0 |       0 |      13 |   0.0 |  1387
        Lair:5 |       0 |   10934 |   0.0 |       0 |      34 |   0.0 |  3127
        Lair:6 |       0 |   15565 |   0.0 |       0 |      61 |   0.0 |  2053
       Slime:1 |       0 |   13114 |   0.0 |       0 |      20 |   0.0 |  1790
       Slime:2 |       0 |   15833 |   0.0 |       0 |      24 |   0.0 |  2428
       Slime:3 |       0 |    3208 |   0.0 |       0 |       3 |   0.0 |    15
         Orc:1 |       0 |    4970 |   0.0 |       0 |      35 |   0.0 |  1834
         Orc:2 |       0 |   14341 |   0.0 |       0 |      64 |   0.0 |  2128
         Elf:1 |       0 |    9052 |   0.0 |       0 |      16 |   0.0 |   195
       Ossuary |       0 |     176 |   0.0 |       0 |      14 |   0.0 |   315
       Volcano |       0 |    8222 |   0.0 |       0 |      20 |   0.0 |  1269
    Desolation |       0 |   41939 |   0.0 |       0 |      74 |   0.0 |  2342
               +---------+---------+-------+---------+---------+-------+---------
